 Dungeon Crawl Stone Soup version 0.18.1-50-g88ac8fd (webtiles) character file.

16944 KarmaPolice the Impaler (level 12, -8/102 HPs)
             Began as a Merfolk Gladiator on Oct 1, 2016.
             Was a Priest of Qazlal.
             Mangled by a four-headed hydra (14 damage)
             ... on level 3 of the Lair of Beasts.
             The game lasted 00:30:16 (12654 turns).

KarmaPolice the Impaler (Merfolk Gladiator)        Turns: 12654, Time: 00:30:17

Health: -8/102     AC: 11    Str: 18    XL:     12   Next: 42%
Magic:  17/17      EV: 14    Int:  8    God:    Qazlal [***...]
Gold:   805        SH:  3    Dex: 16    Spells: 0 memorised, 11 levels left

rFire  . . .     SeeInvis .     D - +1 halberd (venom)
rCold  . . .     Gourm    .     y - +3 leather armour
rNeg   + . .     Faith    .     (shield currently unavailable)
rPois  .         Spirit   .     c - +0 helmet
rElec  .         Dismiss  .     q - +0 cloak
rCorr  .         Reflect  .     K - +0 pair of gloves
SustAt .         Harm     .     (no boots)
MR     +....                    z - amulet of regeneration
Stlth  +.........               u - ring of positive energy
                                m - ring of protection from magic

@: about to teleport, somewhat resistant to hostile enchantments, very
unstealthy
A: change form in water, swift swim
a: Upheaval, Elemental Force, Renounce Religion


You were on level 3 of the Lair of Beasts.
You worshipped Qazlal.
Qazlal was most pleased with you.
You were not hungry.

You visited 3 branches of the dungeon, and saw 15 of its levels.

You collected 816 gold pieces.
You spent 11 gold pieces at shops.

Inventory:

Hand Weapons
 D - a +1 halberd of venom (weapon)
Missiles
 d - 5 throwing nets (quivered)
Armour
 c - a +0 helmet (worn)
 q - a +0 cloak (worn)
 y - a +3 leather armour (worn)
 K - a +0 pair of gloves (worn)
 R - a +1 scale mail of poison resistance
Jewellery
 m - a ring of protection from magic (left hand)
 s - an uncursed amulet of the gourmand {unknown}
 u - a ring of positive energy (right hand)
 v - an uncursed ring of protection from magic
 z - an amulet of regeneration (around neck)
Wands
 r - a wand of slowing (20/48)
 C - a wand of iceblast (7/15)
 T - a wand of acid (7/15)
Scrolls
 e - 3 scrolls of fog
 i - 3 scrolls of immolation
 j - a scroll of identify
 l - 4 scrolls of teleportation
 n - a scroll of enchant weapon {unknown}
 o - 2 scrolls of blinking {unknown}
 B - 3 scrolls of fear {unknown}
 F - a scroll of enchant armour {unknown}
 I - 2 scrolls of brand weapon {unknown}
 N - 6 scrolls of remove curse {unknown}
 O - 2 scrolls of vulnerability {unknown}
 P - 2 scrolls of amnesia
 Q - a scroll of magic mapping {unknown}
 S - a scroll of holy word {unknown}
Potions
 a - a potion of ambrosia {unknown}
 b - a potion of berserk rage
 g - a potion of magic
 k - 2 potions of brilliance
 p - 2 potions of resistance
 w - a potion of cure mutation {unknown}
 x - 2 potions of degeneration {unknown}
 A - a potion of cancellation {unknown}
 E - a potion of flight {unknown}
 G - 3 potions of might {unknown}
 H - 2 potions of lignification {unknown}
 J - a potion of haste {unknown}
 L - 3 potions of curing
 M - 2 potions of heal wounds {unknown}
 U - a potion of agility {unknown}
Comestibles
 f - 11 bread rations
 h - 7 beef jerkies
 t - 6 meat rations
 V - 4 chunks of flesh


   Skills:
 + Level 12.0 Fighting
 + Level 15.2 Polearms
 - Level 2.0 Throwing
 + Level 8.4 Armour
 - Level 4.0 Dodging
 + Level 7.3 Invocations


You had 11 spell levels left.
You didn't know any spells.

Dungeon Overview and Level Annotations

Branches:
Dungeon (11/15)            Temple (1/1) D:7            Lair (3/8) D:10
    Orc (0/2) D:10
  Swamp: Lair:3-6    Shoals: Lair:3-6     Snake: Lair:3-6    Spider: Lair:3-6

Altars:
Ashenzari
Cheibriados
Dithmenos
Elyvilon
Fedhas
Gozag
Kikubaaqudgha
Makhleb
Nemelex Xobeh
Okawaru
Pakellas
Qazlal
Ru
Sif Muna
Trog
Vehumet
Xom
Yredelemnul
Zin
The Shining One
Beogh

Shops:
D:5 [   D:6 *   D:8 (


Message History

The four-headed hydra completely misses you.
The four-headed hydra bites you but does no damage.
The four-headed hydra closely misses you.
Read which item? (? for menu, Esc to quit)
As you read the scroll of teleportation, it crumbles to dust.
You feel strangely unstable. The river rat barely misses you.
The river rat completely misses you. The komodo dragon bites you!
The four-headed hydra bites you. x2
The four-headed hydra closely misses you.
The four-headed hydra bites you.
You slash the river rat!
You kill the river rat!
Qazlal accepts your kill. The river rat barely misses you.
You barely miss the river rat. The komodo dragon bites you!!
* * * LOW HITPOINT WARNING * * *
The four-headed hydra bites you!
* * * LOW HITPOINT WARNING * * *
The four-headed hydra bites you!
You die...

#..........####.......##
##.#..#.#### #....####
###...## ###..## #...##
#...### #..## ##.....## #.##
#.......# ###.##### ###
##.....## ###.#.[.#P#r####.#
#P[....####
+.)......rrrr@D#.###..........
#.##.##.#..##rl...........#...
###P..###.#(######......###
##.## ##### #......## #..
##l....# ... ##.#### ##.P #P..
...# .).... +......


You could see a four-headed hydra, a komodo dragon and 6 river rats.

Vanquished Creatures
  A death yak (D:10)
  The ghost of Charly the Covert, a novice SpEn of Dithmenos (Lair:1)
  5 elephants (Lair:2)
  A black mamba (D:10)
  A gargoyle (D:10)
  5 spiny frogs
  2 komodo dragons
  Prince Ribbit (D:7)
  13 blink frogs
  A wyvern (D:9)
  2 basilisks
  5 yaks (D:10)
  3 hippogriffs
  A hungry ghost (D:8)
  Edmund (D:6)
  5 water moccasins
  A porcupine (Lair:1)
  An eye of draining (D:9)
  5 orc warriors (D:10)
  A black bear (Lair:2)
  5 sky beasts
  4 ice beasts
  A phantom (D:9)
  6 ogres
  3 wolves (Lair:2)
  A necrophage (D:9)
  5 centaurs
  4 crocodiles
  12 giant frogs
  A big kobold (D:6)
  A wyvern zombie (D:10)
  A water moccasin zombie (D:10)
  4 scorpions
  12 wights
  5 killer bees (D:7)
  2 howler monkeys (D:4)
  4 crimson imps
  The ghost of Charly the Sneak, a weakling SpWr (D:9)
  7 hounds
  2 centaur skeletons (D:8)
  2 jellies (D:7)
  Crazy Yiuf (D:2)
  A giant frog skeleton (D:5)
  3 orc priests
  5 orc wizards
  2 gnoll shamans
  Jessica (D:2)
  7 iguanas
  4 worker ants
  Ijyb (D:3)
  A hound zombie (D:11)
  A hound skeleton (D:7)
  A worker ant zombie (D:8)
  6 gnolls
  A howler monkey skeleton (D:7)
  10 adders
  22 river rats
  4 shadow imps
  4 adder zombies
  2 oozes
  3 adder skeletons
  5 worms
  7 dart slugs
  11 giant geckos
  32 orcs
  6 giant cockroaches
  16 goblins
  5 hobgoblins
  4 jackals
  3 quokkas
  3 ball pythons
  8 bats
  3 giant gecko skeletons
  5 giant newts
  A jackal zombie (D:1)
  12 kobolds
  A quokka skeleton (D:6)
  2 quokka zombies (D:7)
  8 rats
  2 fungi (Lair:1)
  2 plants
355 creatures vanquished.

Vanquished Creatures (others)
  3 fungi
3 creatures vanquished.

Grand Total: 358 creatures vanquished

Notes
Turn   | Place    | Note
--------------------------------------------------------------
     0 | D:1      | KarmaPolice the Merfolk Gladiator began the quest for the Orb.
     0 | D:1      | Reached XP level 1. HP: 16/16 MP: 1/1
   101 | D:1      | Reached XP level 2. HP: 23/23 MP: 2/2
   446 | D:1      | Reached XP level 3. HP: 22/28 MP: 3/3
   466 | D:1      | Reached skill level 5 in Polearms
   741 | D:1      | Reached skill level 1 in Armour
  1382 | D:2      | Noticed Jessica
  1397 | D:2      | Killed Jessica
  1397 | D:2      | Reached XP level 4. HP: 24/35 MP: 4/4
  1646 | D:2      | Noticed Crazy Yiuf
  1759 | D:2      | Killed Crazy Yiuf
  1759 | D:2      | Reached XP level 5. HP: 8/42 MP: 5/5
  1780 | D:2      | HP: 2/42 [poisoned by Crazy Yiuf]
  2412 | D:3      | Found an oddly glowing altar of Pakellas.
  2710 | D:3      | Reached skill level 6 in Polearms
  2755 | D:3      | Found a shadowy altar of Dithmenos.
  2864 | D:3      | Noticed Ijyb
  2920 | D:3      | Killed Ijyb
  3429 | D:4      | Reached XP level 6. HP: 48/48 MP: 6/6
  3748 | D:4      | Found a sparkling altar of Nemelex Xobeh.
  3842 | D:3      | Reached skill level 7 in Polearms
  4131 | D:4      | Reached XP level 7. HP: 55/55 MP: 7/7
  4160 | D:4      | Reached skill level 5 in Fighting
  4184 | D:5      | Entered Level 5 of the Dungeon
  4971 | D:5      | Found an opulent altar of Gozag.
  5311 | D:5      | Found a white marble altar of Elyvilon.
  5421 | D:5      | Found a basalt altar of Yredelemnul.
  5595 | D:5      | Reached skill level 8 in Polearms
  5750 | D:5      | Reached XP level 8. HP: 48/64 MP: 8/8
  5920 | D:5      | Found Raryl's Antique Armour Boutique.
  6060 | D:5      | Found an oddly glowing altar of Pakellas.
  6207 | D:6      | Reached skill level 9 in Polearms
  6517 | D:6      | Reached skill level 10 in Polearms
  6517 | D:6      | Reached XP level 9. HP: 62/72 MP: 9/9
  6566 | D:6      | Noticed Edmund
  6589 | D:6      | Killed Edmund
  6618 | D:6      | Found Lunil's General Store.
  6637 | D:6      | Bought a scroll of random uselessness for 11 gold pieces
  6672 | D:6      | Reached skill level 5 in Armour
  7064 | D:7      | Found a staircase to the Ecumenical Temple.
  7088 | Temple   | Entered the Ecumenical Temple
  7446 | D:7      | Noticed Prince Ribbit
  7457 | D:7      | Killed Prince Ribbit
  7457 | D:7      | Reached skill level 11 in Polearms
  7486 | D:7      | Found a white marble altar of Elyvilon.
  8016 | D:8      | Found a blossoming altar of Fedhas.
  8252 | D:8      | Reached XP level 10. HP: 83/83 MP: 10/10
  8308 | D:8      | Found a radiant altar of Vehumet.
  8460 | D:8      | Reached skill level 12 in Polearms
  8502 | D:8      | Found Zoobuyckos's Antique Weapon Shop.
  8632 | D:9      | Found an iron altar of Okawaru.
  8738 | D:9      | Found a sparkling altar of Nemelex Xobeh.
  8747 | D:9      | Found an opulent altar of Gozag.
  8748 | D:9      | Noticed Charly's ghost (weakling SpWr)
  8783 | D:9      | Killed Charly's ghost
  8867 | D:9      | Found a stormy altar of Qazlal.
  8920 | D:9      | Became a worshipper of Qazlal Stormbringer
  9110 | D:9      | Reached skill level 1 in Invocations
  9149 | D:9      | Reached skill level 10 in Fighting
  9159 | D:9      | Found a sacrificial altar of Ru.
  9188 | D:9      | Found a glowing silver altar of Zin.
  9358 | D:9      | Found a sparkling altar of Nemelex Xobeh.
  9375 | D:9      | Found a shattered altar of Ashenzari.
  9439 | D:10     | Entered Level 10 of the Dungeon
  9518 | D:10     | Found a staircase to the Lair.
  9520 | D:10     | Noticed a death yak
  9552 | D:10     | Killed a death yak
  9552 | D:10     | Reached skill level 13 in Polearms
  9781 | D:10     | Reached XP level 11. HP: 91/92 MP: 13/13
  9881 | D:9      | Reached * piety under Qazlal
 10278 | D:10     | Found a roughly hewn altar of Beogh.
 10278 | D:10     | Found a staircase to the Orcish Mines.
 10688 | Lair:1   | Entered Level 1 of the Lair of Beasts
 10951 | Lair:1   | Reached skill level 5 in Invocations
 10953 | Lair:1   | Noticed Charly's ghost (novice SpEn)
 10983 | Lair:1   | Killed Charly's ghost
 10983 | Lair:1   | Reached skill level 14 in Polearms
 10995 | Lair:1   | Found a glowing golden altar of the Shining One.
 11087 | Lair:1   | Reached ** piety under Qazlal
 11653 | Lair:2   | Reached XP level 12. HP: 63/100 MP: 16/16
 11914 | Lair:2   | Found an iron altar of Okawaru.
 12297 | Lair:2   | Reached skill level 15 in Polearms
 12334 | Lair:2   | Noticed a seven-headed hydra
 12362 | Lair:3   | Reached *** piety under Qazlal
 12605 | Lair:3   | Noticed a four-headed hydra
 12654 | Lair:3   | Mangled by a four-headed hydra

Skill      XL: |  1  2  3  4  5  6  7  8  9 10 11 12 |
---------------+-------------------------------------+-----
Polearms       | 5 6 7 8 10 11 13 14 15 | 15.2
Fighting       | 3 4 5 7 9 10 11 12 | 12.0
Armour         | 1 2 3 4 6 7 8 |  8.4
Invocations    | 3 6 7 |  7.3
Throwing       | |  2.0
Dodging        | |  4.0

Action                   |  1- 3 |  4- 6 |  7- 9 | 10-12 || total
-------------------------+-------+-------+-------+-------++-------
Melee: Trident           |   124 |   257 |   142 |       ||   523
       Tailslap          |     1 |       |       |       ||     1
       Halberd           |       |       |   243 |   633 ||   876
Throw: Throwing net      |       |       |     1 |       ||     1
Evoke: Wand              |       |       |       |     1 ||     1
  Use: Potion            |       |     2 |       |       ||     2
       Scroll            |       |       |     8 |     4 ||    12
 Stab: Sleeping          |     2 |     1 |     1 |       ||     4
       Held in net/web   |       |       |     1 |       ||     1
       Distracted        |       |       |     1 |     1 ||     2
  Eat: Chunk             |     1 |     9 |    11 |    15 ||    36
       Fruit             |       |       |     2 |       ||     2
       Pizza             |       |       |       |     2 ||     2
       Royal jelly       |       |       |       |     1 ||     1
Armor: Leather armour    |    21 |    64 |    81 |   127 ||   293
Dodge: Dodged            |    64 |   195 |   200 |   240 ||   699
Block: Other             |       |       |       |    21 ||    21
